AoeStats
← 987588372

Arena

510095715Analyzed
4v4 RM · 3d ago on Sep 29, 2026· 50m 55s· 8 players
Game mode
Random Map
Map size
Large (8 player)
Population
200
Speed
Normal
Resources
Standard
Victory
Conquest
Starting age
Dark Age
Ending age
Imperial Age
RankedLock teamsTeams togetherTeam positionsShared explorationLock speedFull tech treeHidden civsTurbo modeCheats
Victory
Defeat
🇨🇳 Cumans · China
1168
+9
🇨🇳 Spanish · China
1088
+12
🇬🇧 Teutons · United Kingdom
1075
+13
🇨🇳 Ethiopians · China
1045
+44
1048
-14
🇹🇷 Huns · Türkiye
1031
-13
🇮🇳 Romans · India
982
-11
🇹🇼 Turks · Taiwan
967
-11
*Lord*
2:18 Loom
11:56 Feudal Age
15:36 Castle Age
22:53 Fletching
29:48 Bodkin Arrow
35:52 Imperial Age
33:59 Wheelbarrow
35:08 Bloodlines
34:59 Husbandry
35:08 Scale Barding Armor
35:14 Forging
36:19 Double-Bit Axe
41:17 Chain Barding Armor
41:35 Iron Casting
42:38 Conscription
46:17 Hand Cart
47:04 Blast Furnace
46:45 Plate Barding Armor
46:44 Coinage
Dark_Knight
10:50 Feudal Age
12:06 Double-Bit Axe
11:49 Man-at-Arms
12:15 Arson
20:29 Castle Age
18:30 Horse Collar
18:38 Loom
20:34 Gold Mining
22:03 Long Swordsman
22:44 Squires
24:42 Town Watch
28:06 Imperial Age
25:49 Stone Mining
27:40 Masonry
31:13 Fletching
꧁༺乡 SC∆R 乡 ༻꧂
6:58 Loom
10:35 Feudal Age
11:03 Double-Bit Axe
16:49 Castle Age
15:32 Gold Mining
16:55 Horse Collar
19:04 Bow Saw
23:43 Wheelbarrow
22:54 Town Watch
24:03 Stone Mining
24:56 Scale Barding Armor
25:10 Forging
25:14 Bloodlines
28:25 Chain Barding Armor
38:47 Imperial Age
36:33 Hand Cart
Prof. Dr. Abuzer KÖMÜRCÜ
9:39 Feudal Age
10:47 Double-Bit Axe
11:00 Horse Collar
12:47 Loom
18:45 Castle Age
21:42 Fletching
25:28 Imperial Age
23:13 Forging
25:44 Padded Archer Armor
30:18 Iron Casting
30:32 Scale Barding Armor
31:22 Elite Tarkan
32:58 Bloodlines
33:52 Blast Furnace
33:31 Conscription
33:21 Marauders
33:43 Gold Mining
33:22 Light Cavalry
38:43 Wheelbarrow
40:00 Hussar
42:34 Heavy Plow
42:28 Pikeman
43:08 Squires
43:41 Scale Mail Armor
43:59 Halberdier
SAOWEN
8:53 Feudal Age
9:28 Double-Bit Axe
11:26 Horse Collar
17:54 Wheelbarrow
20:58 Castle Age
19:27 Gold Mining
20:15 Scale Barding Armor
20:21 Forging
21:17 Bloodlines
22:05 Heavy Plow
22:17 Bow Saw
23:02 Hand Cart
23:26 Gold Shaft Mining
22:27 Capped Ram
25:26 Chain Barding Armor
27:00 Man-at-Arms
28:32 Iron Casting
35:57 Imperial Age
33:12 Loom
35:09 Stone Mining
36:24 Siege Ram
37:24 Elite Steppe Lancer
38:44 Plate Barding Armor
39:10 Blast Furnace
41:57 Chemistry
41:20 Ballistics
40:53 Fletching
41:04 Padded Archer Armor
40:29 Cavalier
41:41 Cuman Mercenaries
42:02 Conscription
41:04 Elite Kipchak
41:45 Steppe Husbandry
43:25 Hoardings
44:07 Paladin
YuangXue
9:47 Feudal Age
10:50 Double-Bit Axe
14:04 Castle Age
12:06 Horse Collar
22:59 Bow Saw
23:12 Padded Archer Armor
26:10 Leather Archer Armor
29:34 Bloodlines
29:24 Husbandry
33:49 Scale Barding Armor
34:54 Chain Barding Armor
37:26 Forging
40:31 Wheelbarrow
K
10:41 Feudal Age
10:15 Loom
14:01 Fletching
22:18 Castle Age
20:43 Padded Archer Armor
22:26 Crossbowman
25:08 Double-Bit Axe
35:21 Bodkin Arrow
41:46 Horse Collar
43:11 Gold Mining
45:11 Gambesons
47:18 Forging
47:08 Scale Mail Armor
48:07 Bow Saw
48:00 Heavy Plow
987588372
9:35 Loom
12:09 Feudal Age
12:45 Horse Collar
14:41 Double-Bit Axe
19:49 Wheelbarrow
22:57 Castle Age
21:57 Gold Mining
22:28 Fletching
23:55 Heavy Plow
24:10 Bow Saw
24:39 Gold Shaft Mining
25:17 Padded Archer Armor
26:18 Thumb Ring
28:23 Stone Mining
28:22 Crossbowman
30:33 Hand Cart
30:47 Ballistics
31:27 Town Watch
32:00 Bodkin Arrow
32:21 Leather Archer Armor
34:21 Town Patrol
37:06 Fortified Wall
50:53 Imperial Age
Connection lost

Rejoining the realm…

Still unreachable

The connection could not be restored.

Session expired

The server has moved on; the page needs a fresh start.